Map: 어비설 리프 - 래더

Players

Harstem - Winner!

  • Race: Protoss Protoss
  • Spawn Location: 5:00

jjakji

  • Race: Terran Terran
  • Spawn Location: 11:00

Event: IEM XI Katowice - World Championship 2017

VOD

Have the link to the VOD?

Description

Time

  • Played on: March 2, 2017, 5:47 a.m.
  • Length: 21:21

All games in this series

Show
View Real Time Build Order
Export as new Build Order

Harstem Protoss - Winner!

Build Orders: Oracle Opening 

Get SALT Encoding   

  12  0:00  Probe (Chrono Boost)  
  13  0:11  Probe (Chrono Boost)  
  14  0:17  Pylon  
  14  0:22  Probe (Chrono Boost)  
  16  0:35  Probe (Chrono Boost)  
  16  0:37  Gateway  
  16  0:46  Probe (Chrono Boost)  
  16  0:47  Assimilator  
  17  0:56  Probe (Chrono Boost)  
  18  1:00  Pylon  
  18  1:07  Probe (Chrono Boost)  
  19  1:18  Probe (Chrono Boost)  
  20  1:20  Zealot  
  20  1:24  Cybernetics Core  
  22  1:30  Probe (Chrono Boost)  
  23  1:42  Probe (Chrono Boost)  
  24  1:51  Nexus  
  24  2:02  Mothership Core (Chrono Boost)  
  24  2:04  Adept  
  28  2:12  Assimilator  
  28  2:21  Warp Gate, Pylon, Probe (Chrono Boost)  
  29  2:28  Adept  
  31  2:41  Probe (Chrono Boost)  
  31  2:42  Pylon  
  30  2:48  Pylon  
  31  2:53  Probe (Chrono Boost)  
  30  3:02  Stargate  
  30  3:05  Probe (Chrono Boost)  
  31  3:14  Probe (Chrono Boost)  
  31  3:15  Adept  
  34  3:26  Probe (Chrono Boost)  
  35  3:28  Probe (Chrono Boost)  
  35  3:32  Pylon  
  36  3:37  Probe (Chrono Boost)  
  36  3:41  Probe (Chrono Boost)  
  38  3:42  Oracle  
  44  3:49  Probe (Chrono Boost)  
  44  3:51  Probe (Chrono Boost)  
  45  4:02  Probe (Chrono Boost)  
  44  4:07  Mothership Core (Chrono Boost)  
  45  4:11  Gateway x2  
  45  4:13  Probe (Chrono Boost)  
  44  4:18  Phoenix  
  47  4:25  Probe x2 (Chrono Boost)  
  47  4:27  Adept  
  50  4:35  Probe (Chrono Boost)  
  50  4:36  Probe (Chrono Boost)  
  52  4:42  Nexus  
  52  4:46  Probe x2 (Chrono Boost)  
  52  4:48  Adept  
  56  4:53  Phoenix  
  56  4:56  Probe (Chrono Boost)  
  56  4:58  Probe (Chrono Boost)  
  61  5:11  Probe (Chrono Boost)  
  61  5:13  Forge  
  62  5:14  Assimilator  
  62  5:15  Twilight Council  
  62  5:17  Assimilator, Pylon  
  61  5:24  Probe (Chrono Boost)  
  62  5:32  Phoenix  
  62  5:34  Pylon  
  66  5:35  Probe (Chrono Boost)  
  66  5:36  Probe (Chrono Boost)  
  66  5:38  Resonating Glaives  
  66  5:40  Adept  
  68  5:43  Protoss Ground Weapons Level 1  
  68  5:45  Pylon  
  68  5:48  Probe (Chrono Boost)  
  69  5:54  Probe (Chrono Boost)  
  69  5:55  Probe (Chrono Boost)  
  69  5:56  Adept  
  73  5:57  Adept  
  73  6:00  Probe (Chrono Boost)  
  73  6:03  Phoenix  
  78  6:06  Probe (Chrono Boost)  
  78  6:08  Probe (Chrono Boost)  
  80  6:11  Adept  
  80  6:14  Pylon, Probe (Chrono Boost)  
  80  6:17  Sentry  
  85  6:19  Probe (Chrono Boost)  
  85  6:20  Adept  
  85  6:23  Probe (Chrono Boost)  
  85  6:25  Probe (Chrono Boost)  
  90  6:29  Phoenix  
  93  6:35  Adept  
  93  6:37  Gateway  
  94  6:42  Adept  
  94  6:43  Adept  
  98  6:56  Phoenix  
  98  6:57  Adept  
  98  7:00  Pylon  
  102  7:01  Pylon  
  102  7:02  Gateway  
  102  7:04  Gateway  
  102  7:13  Probe (Chrono Boost)  
  102  7:14  Pylon  
  103  7:18  Probe x2 (Chrono Boost)  
  103  7:21  Pylon  
  103  7:22  Adept x3  
  111  7:25  Probe (Chrono Boost)  
  111  7:29  Pylon  
  113  7:30  Probe (Chrono Boost), Robotics Facility  
  113  7:36  Probe (Chrono Boost)  
  114  7:43  Probe (Chrono Boost)  
  115  7:45  Adept x4  
  115  7:46  Phoenix  
  115  7:48  Probe (Chrono Boost)  
  115  7:49  Pylon  
  120  8:06  Blink  
  120  8:10  Adept x3  
  120  8:11  Adept x3  
  130  8:15  Protoss Ground Armor Level 1  
  130  8:17  Probe (Chrono Boost)  
  133  8:20  Probe x2 (Chrono Boost)  
  133  8:21  Assimilator  
  133  8:24  Assimilator, Pylon  
  133  8:25  Warp Prism  
  133  8:26  Pylon  
  133  8:31  Probe (Chrono Boost)  
  136  8:36  Forge  
  136  8:38  Robotics Bay  
  136  8:41  Pylon  
  136  8:46  Probe (Chrono Boost)  
  138  8:48  Probe (Chrono Boost), Photon Cannon  
  138  8:50  Stalker x3  
  144  9:01  Pylon, Adept  
  144  9:02  Protoss Ground Weapons Level 2  
  146  9:04  Nexus  
  146  9:10  Stalker x2  
  150  9:22  Disruptor, Pylon  
  150  9:23  Pylon  
  150  9:31  Adept x3  
  159  9:33  Adept  
  159  9:36  Pylon  
  161  9:39  Pylon  
  159  9:51  Stalker x5  
  170  9:53  Pylon  
  170  9:54  Probe (Chrono Boost)  
  164  10:07  Disruptor  
  164  10:09  Stalker  
  167  10:14  Stalker x5  
  167  10:16  Probe (Chrono Boost)  
  167  10:18  Probe (Chrono Boost)  
  167  10:20  Probe (Chrono Boost)  
  178  10:37  Photon Cannon  
  178  10:38  Disruptor, Adept x3  
  184  10:44  Protoss Ground Armor Level 2  
  184  10:47  Stalker  
  184  10:48  Adept x2  
  193  10:55  Pylon  
  192  11:03  Adept  
  194  11:16  Stalker x3  
  198  11:18  Adept  
  198  11:38  Adept x2  
  198  11:39  Adept  
  184  11:42  Adept x3  
  184  11:45  Probe (Chrono Boost)  
  187  11:49  Protoss Ground Weapons Level 3, Probe (Chrono Boost)  
  187  11:52  Disruptor, Gateway  
  188  11:54  Gateway x2  
  188  11:57  Dark Shrine, Gateway x2  
  185  12:13  Stalker x5  
  195  12:24  Robotics Facility  
  195  12:25  Observer  
  194  12:30  Robotics Facility  
  194  12:33  Probe (Chrono Boost)  
  194  12:36  Probe (Chrono Boost)  
  194  12:41  Stalker x5  
  194  12:54  Disruptor  
  179  13:05  Stalker x6  
  168  13:25  Dark Templar x2  
  168  13:26  Stalker x2  
  176  13:31  Stalker  
  176  13:32  Stalker x3  
  182  13:43  Stalker x3  
  174  13:58  Immortal x2  
  174  13:59  Stalker x4, Immortal  
  174  14:00  Stalker x2  
  151  14:05  Adept x2  
  138  14:13  Adept x3  
  139  14:27  Adept x5  
  139  14:28  Dark Templar  
  133  14:38  Sentry  
  133  14:39  Adept x3, Immortal  
  145  14:50  Dark Templar, Adept  
  149  14:54  Nexus, Adept  
  148  15:09  Stalker x4  
  154  15:18  Assimilator  
  154  15:20  Assimilator  
  154  15:30  Nexus  
  154  15:37  Stalker x3  
  160  15:48  Disruptor  
  160  15:49  Stalker x2  
  155  15:59  Dark Templar  
  157  16:05  Observer  
  156  16:18  Pylon, Probe (Chrono Boost)  
  147  16:31  Probe (Chrono Boost), Stalker x5  
  158  16:33  Disruptor  
  161  16:43  Probe (Chrono Boost)  
  160  17:00  Probe (Chrono Boost)  
  160  17:01  Disruptor  
  160  17:02  Pylon, Probe (Chrono Boost)  
  160  17:04  Assimilator  
  160  17:06  Pylon, Stalker x2  
  160  17:07  Assimilator, Stalker  
  169  17:10  Disruptor  
  169  17:13  Probe (Chrono Boost)  
  169  17:20  Observer  
  170  17:24  Adept x4  
  176  17:35  Adept x5  
  184  18:00  Adept x7  
  184  18:01  Dark Templar  
  200  18:08  Protoss Ground Armor Level 3  
  200  18:12  Disruptor  
  197  18:22  Disruptor  
  196  18:45  Stalker x8  
  196  18:46  Stalker  
  188  18:57  Disruptor  
  179  19:04  Stalker  
  179  19:05  Stalker  
  152  19:32  Disruptor  
  152  19:34  Stalker x8  
  166  19:50  Probe (Chrono Boost)  
  166  19:52  Probe (Chrono Boost)  
  163  19:58  Nexus  
  159  20:06  Adept x4  
  159  20:07  Dark Templar  
  169  20:17  Disruptor  
  160  20:22  Disruptor  
  166  20:30  Stalker  
  166  20:31  Stalker  
  161  20:58  Adept x4  
  161  20:59  Dark Templar x3  
Show
View Real Time Build Order
Export as new Build Order

jjakji Terran 

Build Orders: Reaper Expand, MMM Bio 

Get SALT Encoding   

  12  0:00  SCV  
  13  0:12  SCV  
  14  0:17  Supply Depot  
  14  0:24  SCV  
  14  0:28  Refinery  
  15  0:39  SCV  
  16  0:45  Barracks  
  16  0:51  SCV  
  17  1:03  SCV  
  18  1:15  SCV  
  19  1:32  Reaper, Orbital Command  
  20  1:43  Command Center  
  20  1:55  Factory  
  20  1:58  SCV  
  21  2:05  Barracks Reactor  
  21  2:10  Supply Depot  
  21  2:13  SCV  
  22  2:17  Refinery  
  22  2:25  SCV  
  23  2:38  SCV  
  23  2:42  Marine x2  
  26  2:48  Starport  
  26  2:50  SCV  
  27  2:56  Widow Mine  
  29  2:59  Bunker  
  29  3:02  Marine x2  
  31  3:08  Orbital Command  
  31  3:11  SCV  
  32  3:19  Marine x2  
  32  3:23  SCV  
  32  3:35  SCV  
  32  3:36  Widow Mine  
  32  3:37  Marine  
  35  3:42  Supply Depot  
  35  3:47  Medivac  
  37  3:49  SCV  
  37  3:54  Marine  
  34  4:05  Barracks  
  34  4:06  Barracks  
  34  4:09  SCV x2  
  36  4:17  Barracks Reactor  
  36  4:19  Factory Tech Lab  
  36  4:21  SCV x2  
  36  4:24  Engineering Bay  
  38  4:32  Starport Tech Lab  
  38  4:33  SCV x2  
  38  4:38  Siege Tank  
  43  4:41  Supply Depot  
  43  4:45  SCV  
  44  4:46  SCV  
  44  4:50  Terran Infantry Weapons Level 1  
  45  4:57  SCV  
  46  5:03  SCV  
  47  5:08  Marine x2  
  47  5:10  Marine, Stimpack  
  50  5:15  SCV x2  
  50  5:19  Supply Depot x2  
  52  5:22  Starport Reactor  
  52  5:26  Marine x2  
  54  5:28  Missile Turret  
  54  5:33  Missile Turret  
  54  5:37  Factory Reactor  
  54  5:40  Marine  
  54  5:41  SCV x2  
  57  5:43  Refinery  
  57  5:44  Supply Depot  
  57  5:45  Marine x2  
  57  5:47  Combat Shields  
  57  5:48  Marine  
  60  5:53  SCV x2  
  60  5:56  Supply Depot  
  62  5:58  Marine  
  62  6:03  Marine x2, Medivac  
  67  6:05  SCV x2  
  67  6:09  Medivac  
  71  6:14  Marine  
  71  6:16  Marine  
  71  6:17  Widow Mine, SCV x2  
  77  6:21  Marine  
  77  6:22  Widow Mine  
  80  6:26  Marine  
  80  6:30  Supply Depot  
  80  6:31  Marine  
  82  6:34  Marine, Medivac  
  82  6:38  Marine  
  86  6:44  Marine  
  86  6:45  Supply Depot  
  86  6:46  Supply Depot  
  86  6:51  Marine, SCV, Medivac  
  86  6:52  Marine, SCV  
  88  6:56  Widow Mine x2  
  88  6:57  Marine  
  91  7:04  SCV x2  
  91  7:08  Marine  
  94  7:09  Marine x2  
  96  7:16  SCV x2  
  96  7:18  Command Center  
  98  7:26  Terran Infantry Armor Level 1  
  98  7:27  Marine x4  
  98  7:28  Widow Mine x2  
  106  7:33  SCV x2  
  107  7:39  Barracks  
  107  7:44  Barracks  
  107  7:45  Liberator, SCV x2  
  107  7:49  Marine  
  110  7:57  Liberator  
  110  7:59  Marine  
  110  8:02  Marauder  
  109  8:07  Marauder  
  109  8:08  Marine  
  108  8:18  Marine  
  109  8:20  Widow Mine  
  109  8:26  Marine  
  109  8:27  Supply Depot  
  110  8:28  Supply Depot  
  110  8:29  Widow Mine  
  110  8:30  Marauder x2  
  110  8:31  Orbital Command  
  116  8:35  Supply Depot, Marine  
  116  8:38  SCV x2  
  116  8:39  Refinery  
  119  8:41  Armory  
  119  8:44  Engineering Bay  
  119  8:49  Liberator, Missile Turret  
  119  8:51  Marauder  
  119  8:53  Barracks Tech Lab, Barracks Reactor  
  119  8:54  Marine x2  
  125  8:55  Marauder  
  125  8:57  Liberator, Missile Turret, SCV  
  125  8:58  SCV x2  
  132  9:10  SCV x2  
  132  9:15  Widow Mine x2  
  140  9:18  Refinery  
  140  9:19  Marine x2, Refinery  
  140  9:20  Concussive Shells  
  140  9:23  Supply Depot  
  142  9:24  Supply Depot  
  142  9:27  Marauder x2  
  142  9:30  Marauder  
  148  9:32  Marine  
  148  9:36  Terran Infantry Weapons Level 2  
  149  9:40  Terran Infantry Armor Level 2  
  149  9:44  Marine  
  150  9:53  Supply Depot, Starport  
  150  9:55  Terran Ship Weapons Level 1  
  150  9:56  Missile Turret  
  148  10:06  SCV x3  
  147  10:09  Marine x2  
  147  10:10  Marine x2  
  147  10:11  Marauder x3  
  157  10:18  Ghost Academy  
  156  10:25  Viking x2  
  156  10:27  SCV  
  156  10:28  SCV x2  
  163  10:32  Marauder, Viking x2  
  169  10:36  Supply Depot  
  169  10:37  Supply Depot x2  
  169  10:48  Ghost x2  
  169  10:49  Liberator x3  
  173  10:54  Liberator  
  178  11:20  Barracks  
  178  11:21  Barracks  
  178  11:22  Marauder x3  
  178  11:23  Barracks  
  183  11:32  Marine x2  
  174  11:33  Liberator x2  
  174  11:38  SCV x3  
  168  11:43  Marauder x3  
  179  12:04  Marauder  
  178  12:17  Marauder x2, Barracks Tech Lab  
  178  12:18  Barracks Tech Lab, Barracks Reactor  
  178  12:19  Liberator x2  
  178  12:20  Marine x3  
  183  12:26  Marauder  
  176  12:37  SCV  
  176  12:38  Marauder, SCV x2  
  143  13:02  Marauder x4  
  143  13:04  Marauder  
  150  13:09  Marine x2  
  149  13:23  Marauder x4  
  149  13:25  Marauder  
  149  13:44  Marauder  
  149  13:45  Marauder x2  
  149  13:46  Marine x2  
  154  13:48  Liberator  
  154  13:52  Marauder  
  150  13:57  Liberator  
  150  13:58  Marauder  
  132  14:21  Marauder  
  131  14:26  Marine x2  
  131  14:29  Orbital Command  
  130  14:33  Medivac  
  130  14:41  Marine x2  
  130  14:42  Marine  
  130  14:45  Marine  
  134  14:49  Marine  
  134  14:50  Liberator  
  135  14:59  Medivac  
  137  15:05  Liberator  
  135  15:07  Medivac  
  135  15:09  Missile Turret  
  140  15:14  Marine  
  140  15:15  Marine x5  
  140  15:17  Marine x2  
  148  15:26  Marauder  
  148  15:27  Marauder x2  
  156  15:32  Bunker  
  156  15:33  Missile Turret  
  150  15:43  Marauder x2  
  150  15:46  Liberator  
  150  15:47  Liberator  
  150  15:48  Marine, Marauder x2  
  150  15:49  Marine, Marauder  
  157  15:51  Marine  
  157  15:52  Liberator  
  158  16:23  Marauder x2  
  162  16:29  Liberator  
  162  16:35  Medivac  
  162  16:39  SCV x2  
  166  16:43  Missile Turret  
  166  16:46  Medivac  
  169  16:48  Marine x4  
  169  16:50  SCV  
  169  16:54  SCV  
  169  16:55  SCV  
  169  17:00  Liberator  
  169  17:03  SCV  
  169  17:06  SCV  
  169  17:07  SCV  
  172  17:15  SCV  
  173  17:16  Medivac x2  
  173  17:18  SCV  
  173  17:20  SCV  
  182  17:24  Liberator  
  182  17:28  Marine  
  182  17:29  Liberator, Marine x7  
  190  17:31  Liberator, Marauder  
  190  17:36  Supply Depot  
  193  17:45  Orbital Command  
  196  17:58  Marauder x2  
  199  18:01  Liberator  
  196  18:07  Liberator, Missile Turret  
  196  18:08  Missile Turret  
  183  18:31  SCV x3  
  183  18:33  Marauder  
  171  18:45  Sensor Tower  
  161  18:48  SCV  
  161  18:49  SCV  
  133  19:05  SCV x2  
  133  19:06  SCV  
  136  19:17  SCV  
  136  19:18  SCV x2  
  136  19:20  Marauder  
  118  19:35  SCV x3  
  118  19:37  Marine x5  
  111  19:47  SCV x2  
  111  19:48  Marine, SCV  
  111  19:49  Marine x3  
  111  19:50  Bunker  
  118  19:55  Marine x3  
  118  19:59  SCV  
  120  20:00  SCV x2  
  120  20:01  Marine x2  
  120  20:06  Marine x2  
  125  20:12  SCV x3  
  111  20:21  Marine x3  
  111  20:22  Marine x2  
  111  20:24  SCV x3  
  115  20:32  Marine x3  
  117  20:39  Marine x4  
  117  20:42  SCV x2  
  110  21:02  SCV x2  
  110  21:03  SCV  

Tags
 
Add a new tag
Caveats
  • Supply blocks, unpowered buildings, or Contaminate may cause inaccurate times.
  • Supply counts are checked every 10 seconds.